 Dungeon Crawl Stone Soup version 0.30.1-11-g7821555f0a (webtiles) character file.

Game seed: 17232426215766783098

1330 ChrisAssaf the Magician (level 8, -2/55 HPs)
             Began as a Djinni Ice Elementalist on Nov 8, 2023.
             Was an Initiate of Ru.
             Slain by an ice beast (13 damage)
             ... on level 5 of the Dungeon.
             The game lasted 00:14:50 (3410 turns).

ChrisAssaf the Magician (Djinni Ice Elementalist)   Turns: 3410, Time: 00:14:50

Health: -2/55      AC:  6    Str:  7    XL:     8   Next: 91%
Gold:   197        EV: 13    Int: 18    God:    Ru [......] SH:  0 Dex: 15

rFire   + + .        g - +0 shortbow
rCold   x . .        (shield currently unavailable)
rNeg    . . .        a - +1 robe
rPois   ∞            (helmet restricted)
rElec   .            (no cloak)
rCorr   .            (no gloves)
SInv    .            (boots unavailable)
Will    .....        (no amulet)
Stlth   ++           j - +4 ring of protection
HPRegen 0.29/turn    (no ring)
MPRegen 0.00/turn

%: infuse magic (-3 HP)
@: flying
A: sickness immunity, fire resistance 2, cold vulnerability 1, float, innate
caster, HP casting, extra vitality 1, antennae 1, deformed body
a: Renounce Religion


You were on level 5 of the Dungeon.
You worshipped Ru.
Ru was noncommittal.
You visited 2 branches of the dungeon, and saw 7 of its levels.

You collected 197 gold pieces.

Inventory:

Hand Weapons
 g - a +0 shortbow (weapon)
Missiles
 d - 3 boomerangs
 e - a throwing net
Armour
 a - a +1 robe (worn)
Jewellery
 j - a +4 ring of protection (left hand)
Scrolls
 h - 3 scrolls of amnesia
 k - a scroll of magic mapping


   Skills:
 * Level 2.4 Fighting
 * Level 2.6 Ranged Weapons
 * Level 1.2 Throwing
 * Level 2.8 Armour
 * Level 3.9 Dodging
 * Level 3.1 Stealth
 * Level 6.0 Spellcasting
 * Level 2.5 Evocations


You knew the following spells:

 Your Spells              Type           Power      Damage    Failure   Level
a - Freeze                Ice            100%       1d10      1%          1
b - Frozen Ramparts       Ice            54%        1d9       3%          3
c - Ozocubu's Armour      Ice            27%        N/A       3%          3
d - Summon Ice Beast      Ice/Summ       27%        N/A       10%         4
e - Apportation           Tloc           54%        N/A       1%          1
f - Lesser Beckoning      Tloc           54%        N/A       1%          2
g - Ignite Poison         Fire/Tmut/Pois 27%        N/A       3%          3
Your spell library was empty.

Dungeon Overview and Level Annotations

Branches:
Dungeon (6/15)             Temple (1/1) D:6

Altars:
Ashenzari
Nemelex Xobeh
Okawaru
Ru
Uskayaw
Yredelemnul
Zin

Annotations:
D:5 Grinder


Innate Abilities, Weirdness & Mutations

You are immune to sickness and miasma.
You are immune to poison.
Your flesh is very heat resistant. (rF++)
You are vulnerable to cold. (rC-)
You float through the air rather than walking.
You learn spells naturally, not from books.
Your magical power is your life essence.
You have superior vitality. (+4 MHP)
You have a pair of small antennae on your head.
Armour fits poorly on your strangely shaped body.


Message History

You shoot an arrow. The arrow hits the ice beast.
The ice beast is moderately wounded.
The ice beast hits you. The ice beast freezes you!
You feel a terrible chill!
The ice beast hits you but does no damage.
Fire: g) +0 shortbow
Press: ? - help, Q - select action, (/) - cycle Shift-Dir - straight line, f/p - ice beast
Aim: an ice beast (moderately wounded, 60% to hit)
You shoot an arrow. The arrow hits the ice beast.
The ice beast is heavily wounded.
The ice beast closely misses you.
Fire: g) +0 shortbow
Press: ? - help, Q - select action, (/) - cycle Shift-Dir - straight line, f/p - ice beast
Aim: an ice beast (heavily wounded, 60% to hit)
You shoot an arrow. The arrow hits the ice beast.
The ice beast is severely wounded.
The ice beast hits you. The ice beast freezes you!
You feel a terrible chill!
* * * LOW HITPOINT WARNING * * *
Fire: g) +0 shortbow
Press: ? - help, Q - select action, (/) - cycle Shift-Dir - straight line, f/p - ice beast
Aim: an ice beast (severely wounded, 60% to hit)
You shoot an arrow. The arrow hits the ice beast.
The ice beast is almost dead.
The ice beast completely misses you.
The ice beast hits you but does no damage.
Fire: g) +0 shortbow
Press: ? - help, Q - select action, (/) - cycle Shift-Dir - straight line, f/p - ice beast
Aim: an ice beast (severely wounded, 60% to hit)
You shoot an arrow.
The arrow hits the ice beast but does no damage.
The ice beast is severely wounded.
The ice beast misses you.
Fire: g) +0 shortbow
Press: ? - help, Q - select action, (/) - cycle Shift-Dir - straight line, f/p - ice beast
Aim: an ice beast (severely wounded, 60% to hit)
You shoot an arrow. The arrow hits the ice beast.
The ice beast is almost dead.
The ice beast hits you.
* * * LOW HITPOINT WARNING * * *
The ice beast freezes you!
You feel a terrible chill!
You die...

* ##.### **,....#* ***#.#*#.##
#####....### **....# #..##.#
...<..##...# *#.#..# *#..#.#
####..####.# *....#* *#...##
#......##.###...#* *####...#
#.####........#** #.....#.# #.#
#.......## ##.#####.# ##.#
#........####### #..# ###.. #..#
#####.#..Y@....###(####.... ...#
#.#####.......<.....#..
...########.## ##.........#####.
.#......##...# ###.###...#.#####.
.######....#.###...#...#.#....##.
...>......[..........###......##.
.#####....#.....###### ######....
,****#..#>..........### #.#..
,,,#....#..########...### #.##.


You could see an ice beast.

Vanquished Creatures
  2 water moccasins
  An ice beast (D:6)
  A tengu (D:6)
  An ogre (D:6)
  2 centaurs (D:6)
  A bullfrog (D:6)
  Blork the orc (D:5)
  3 scorpions (D:6)
  A howler monkey (D:6)
  3 hounds
  2 orc priests (D:6)
  3 iguanas
  3 gnolls (D:4)
  4 adders
  A white imp (D:6)
  An ufetubus (D:6)
  A worm (D:3)
  A dart slug (D:1)
  6 orcs
  3 bats
  3 endoplasms
  3 giant cockroaches
  6 goblins
  A hobgoblin (D:1)
  A quokka (D:5)
  4 ball pythons
  2 frilled lizards (D:2)
  4 kobolds
  2 rats
67 creatures vanquished.

Notes
Turn   | Place    | Note
-------+----------+-------------------------------------------
     0 | D:1      | ChrisAssaf the Djinni Ice Elementalist began the quest for
                  | the Orb.
     0 | D:1      | ChrisAssaf set off with the following spells memorised:
                  | Freeze, Frozen Ramparts, Ozocubu's Armour, Summon Ice
                  | Beast.
     0 | D:1      | Reached XP level 1. HP: 15/15 MP: 0/0
   137 | D:1      | Reached XP level 2. HP: 16/21 MP: 0/0
   326 | D:2      | Reached XP level 3. HP: 19/25 MP: 0/0
   326 | D:2      | Learned a level 1 spell: Apportation
   605 | D:3      | Found an iron altar of Okawaru.
   659 | D:3      | Reached XP level 4. HP: 10/31 MP: 0/0
   745 | D:4      | Reached skill level 4 in Spellcasting
   754 | D:4      | Reached skill level 1 in Armour
   754 | D:4      | Reached XP level 5. HP: 21/36 MP: 0/0
   754 | D:4      | Learned a level 2 spell: Lesser Beckoning
   844 | D:4      | Reached skill level 1 in Fighting
  1014 | D:5      | Entered Level 5 of the Dungeon
  1231 | D:5      | Noticed Blork the orc
  1243 | D:5      | Killed Blork the orc
  1244 | D:5      | Reached skill level 1 in Evocations
  1244 | D:5      | Reached XP level 6. HP: 22/42 MP: 0/0
  1395 | D:6      | Found a staircase to the Ecumenical Temple.
  1397 | D:6      | Noticed an ice beast
  1403 | D:6      | an ice beast changed into a bullfrog
  1416 | Temple   | Entered the Ecumenical Temple
  1509 | Temple   | Became a worshipper of Ru the Awakened
  1591 | D:6      | Reached skill level 5 in Spellcasting
  1598 | D:6      | Reached XP level 7. HP: 35/47 MP: 0/0
  1598 | D:6      | Learned a level 3 spell: Ignite Poison
  1964 | D:6      | HP: 2/48 [centaur/arrow (10)]
  1969 | D:6      | Gained mutation: Your mind is acute. (Int +4, Str/Dex -1)
                  | [potion of mutation]
  2204 | D:6      | Reached XP level 8. HP: 39/54 MP: 0/0
  2318 | D:6      | Identified the +1 quarterstaff "Ecwupp" {venom, rPois rC++}
  2326 | D:6      | Found a basalt altar of Yredelemnul.
  2466 | D:6      | Reached skill level 1 in Ranged Weapons
  2717 | D:6      | Reached skill level 1 in Throwing
  2717 | D:6      | Reached skill level 6 in Spellcasting
  2994 | D:5      | Noticed Grinder
  3149 | D:5      | Paralysed by Grinder for 4 turns
  3153 | D:5      | Lost mutation: Your mind is acute. (Int +4, Str/Dex -1)
                  | [potion of mutation]
  3153 | D:5      | Gained mutation: Armour fits poorly on your strangely
                  | shaped body. [potion of mutation]
  3153 | D:5      | Gained mutation: You have a pair of small antennae on your
                  | head. [potion of mutation]
  3410 | D:5      | Slain by an ice beast

Illustrated notes

Levels and vault maps discovered:
D:1:      dpeg_arrival_court, layout_rooms
D:2:      layout_basic, hangedman_decor_clover_reticule
D:3:      layout_basic, jmf_multi_god_temple, supply_closet_lemuel
D:4:      layout_loops_corners, mainiacjoe_overflow_alcove_2,
          brannock_xom_greatest_gift
D:5:      layout_rooms, uniq_blork_the_orc, uniq_grinder
D:6:      layout_basic, mainiacjoe_overflow_tiny_flanked, kennysheep_mini,
          minmay_temple_entry_overgrown, minmay_misc_feat_x,
          kb_lookout_dungeons_type
Temple:   nicolae_temple_bog_church

Skill      XL: |  1  2  3  4  5  6  7  8 |
---------------+-------------------------+-----
Spellcasting   | 4 5 6 |  6.0
Armour         | 1 2 |  2.8
Stealth        | 2 3 |  3.1
Fighting       | 1 2 |  2.4
Evocations     | 1 2 |  2.5
Dodging        | 3 |  3.9
Ranged Weapons | 2 |  2.6
Throwing       | 1 |  1.2

Action                     |  1- 3 |  4- 6 |  7- 9 || total
---------------------------+-------+-------+-------++-------
  Melee: Unarmed           |     2 |       |       ||     2
   Fire: Shortbow          |       |       |    67 ||    67
   Cast: Freeze            |    49 |    25 |    25 ||    99
         Frozen Ramparts   |     4 |     8 |    11 ||    23
         Lesser Beckoning  |       |       |     1 ||     1
  Evoke: Wand              |       |    11 |     4 ||    15
    Use: Potion            |       |     2 |     4 ||     6
         Scroll            |       |       |     9 ||     9
 Armour: Robe              |    18 |     8 |    38 ||    64
  Dodge: Dodged            |    26 |    26 |    73 ||   125
